 Dungeon Crawl Stone Soup version 0.25.1-2-g60ff931df9 (webtiles) character file.

Game seed: 15001995044283785353

68242 DerDa the Reanimator (level 14, -10/83 HPs)
             Began as a Vampire Necromancer on Oct 2, 2020.
             Was an Elder of Sif Muna.
             Mangled by a minotaur
             ... wielding a +0 bardiche of distortion
              (15 damage)
             ... in a Gauntlet.
             The game lasted 02:09:40 (36153 turns).

DerDa the Reanimator (Vampire Necromancer)         Turns: 36153, Time: 02:09:40

Health: -10/83     AC: 14    Str:  7    XL:     14   Next: 85%
Magic:  1/29       EV: 20    Int: 25    God:    Sif Muna [****..]
Gold:   606        SH:  0    Dex: 21    Spells: 12/36 levels left

rFire    + + +     SeeInvis +   K - +4 scimitar (flame)
rCold    + + +     Gourm    .   y - -7 buckler "Ingauczu" {*Contam rElec rC+++ Int+2}
rNeg     + + +     Faith    .   q - +0 robe of the Desert {rF+++ rC- Dex+4} (curse)
rPois    ∞         Spirit   .   z - +5 hat of Contentment {+Fly}
rElec    +         Reflect  .   v - +2 cloak
rCorr    .         Harm     .   S - +0 pair of gloves "Raoquthro" {rF+ Dex+3} (curse)
MR       +....     NoTele   +   m - +2 pair of boots {run}
Stlth    +++++.....             X - amulet of regeneration
HPRegen  0.00/turn              (no ring)
MPRegen  0.21/turn              d - ring of wizardry

@: bloodless, quick
A: no food, fangs 3, see invisible, unbreathing
a: Bat Form, Revivify, Channel Magic, Forget Spell, Divine Exegesis, Renounce
Religion, Evoke Flight


You were in a Gauntlet.
You worshipped Sif Muna.
Sif Muna was greatly pleased with you.
You were bloodless.

You visited 4 branches of the dungeon, and saw 21 of its levels.
You visited 1 bazaar.
You also visited: Ossuary and Gauntlet.

You collected 2022 gold pieces.
You spent 1416 gold pieces at shops.

Inventory:

Hand Weapons
 K - a +4 scimitar of flaming (weapon)
Missiles
 h - 563 stones
 u - 21 poisoned darts (quivered)
Armour
 j - a +2 robe of the Archmagi
 m - a +2 pair of boots of running (worn)
 q - the cursed +0 robe of the Desert (worn) {rF+++ rC- Dex+4}
   (You bought it in a shop on level 11 of the Dungeon)

   It affects your dexterity (+4).
   It renders you almost immune to fire.
   It makes you vulnerable to cold.
   It has a curse placed upon it.
 v - a +2 cloak (worn)
 y - the -7 buckler "Ingauczu" (worn) {*Contam rElec rC+++ Int+2}
   (You acquired it on level 5 of the Lair of Beasts)

   It affects your intelligence (+2).
   It renders you almost immune to cold.
   It insulates you from electricity.
   It causes magical contamination when unequipped.
 z - the +5 hat of Contentment (worn) {+Fly}
   (You found it in a Gauntlet)

   It lets you fly.
 J - a +2 hat
 S - the cursed +0 pair of gloves "Raoquthro" (worn) {rF+ Dex+3}
   (You bought it in a shop on level 10 of the Dungeon)

   It affects your dexterity (+3).
   It protects you from fire.
   It has a curse placed upon it.
Magical Staves
 b - an uncursed staff of cold
Jewellery
 d - a ring of wizardry (right hand)
 r - an uncursed amulet of reflection
 X - an amulet of regeneration (around neck)
Wands
 g - a wand of paralysis (12)
 n - a wand of acid (7)
 C - a wand of iceblast (3)
 E - a wand of disintegration (11)
 P - a wand of enslavement (16)
 U - a wand of polymorph (7)
Scrolls
 i - 6 scrolls of fog
 k - 10 scrolls of teleportation
 o - a scroll of brand weapon {unknown}
 s - 7 scrolls of amnesia
 t - a scroll of identify
 w - 8 scrolls of remove curse
 x - 3 scrolls of enchant weapon
 A - 6 scrolls of magic mapping
 G - a scroll of silence
 N - a scroll of immolation
 O - 5 scrolls of enchant armour
Potions
 c - a potion of mutation
 e - 8 potions of flight
 f - 5 potions of curing
 l - 2 potions of berserk rage
 p - 3 potions of magic
 B - 3 potions of might
 Q - 3 potions of invisibility {unknown}
 R - 4 potions of heal wounds {unknown}
 V - 3 potions of cancellation {unknown}
 Y - a potion of experience {unknown}
 Z - a potion of ambrosia {unknown}
Miscellaneous
 a - a box of beasts
 T - a lightning rod (1/4)


   Skills:
 + Level 7.7 Fighting
 + Level 9.6 Dodging
 - Level 3.0 Stealth
 - Level 4.0 Shields
 * Level 11.9 Spellcasting
 + Level 2.7 Conjurations
 + Level 5.3 Hexes
 * Level 14.2 Necromancy
 - Level 5.0 Translocations
 - Level 4.0 Air Magic
 - Level 4.0 Poison Magic
 + Level 7.2 Invocations
 + Level 7.3 Evocations


You had 12 spell levels left.
You knew the following spells:

 Your Spells              Type           Power        Failure   Level  Hunger
a - Pain                  Necr           ####         0%          1    N/A
b - Animate Dead          Necr           N/A          1%          4    N/A
c - Agony                 Necr           ######..     1%          5    N/A
d - Mephitic Cloud        Conj/Pois/Air  ####....     1%          3    N/A
e - Slow                  Hex            #####...     1%          2    N/A
f - Cause Fear            Hex            #####.....   1%          4    N/A
q - Blink                 Tloc           N/A          1%          2    N/A
u - Vampiric Draining     Necr           ######....   1%          3    N/A

Your spell library contained the following spells:

 Spells                   Type           Power        Failure   Level  Hunger
 Animate Skeleton         Necr           N/A          0%          1    N/A
 Beastly Appendage        Tmut           ##....       1%          1    N/A
 Magic Dart               Conj           ####         1%          1    N/A
 Sandblast                Erth           ##....       1%          1    N/A
 Poisonous Vapours        Pois/Air       ####..       1%          2    N/A
 Shroud of Golubria       Chrm/Tloc      ####..       1%          2    N/A
 Gell's Gravitas          Tloc           #####.....   1%          3    N/A
 Lesser Beckoning         Tloc           #####.....   1%          3    N/A
 Summon Guardian Golem    Hex/Summ       ####....     1%          3    N/A
 Teleport Other           Tloc           #####...     1%          3    N/A
 Call Imp                 Summ           ##......     2%          2    N/A
 Passwall                 Tmut/Erth      ##......     2%          2    N/A
 Sticks to Snakes         Tmut           ##......     2%          2    N/A
 Conjure Flame            Conj/Fire      ###.....     2%          3    N/A
 Spider Form              Tmut/Pois      ###.......   2%          3    N/A
 Stone Arrow              Conj/Erth      ###...       2%          3    N/A
 Passage of Golubria      Tloc           N/A          2%          4    N/A
 Silence                  Hex/Air        #####.....   7%          5    N/A
 Ice Form                 Ice/Tmut       ##......     16%         4    N/A
 Petrify                  Tmut/Erth      ##......     16%         4    N/A
 Summon Forest            Summ/Tloc      ####......   16%         5    N/A
 Yara's Violent Unravell  Hex/Tmut       ####......   16%         5    N/A
 Blade Hands              Tmut           ##........   41%         5    N/A
 Lee's Rapid Deconstruct  Erth           ##........   41%         5    N/A
 Conjure Ball Lightning   Conj/Air       ####......   50%         6    N/A
 Freezing Cloud           Conj/Ice/Air   ####......   65%         6    N/A
 Summon Greater Demon     Summ           ##........   100%        7    N/A
 Discord                  Hex            #####.....   100%        8    N/A

Dungeon Overview and Level Annotations

Branches:
Dungeon (12/15)            Temple (1/1) D:6            Lair (6/6) D:9
  Swamp (0/4) Lair:4        Snake (0/4) Lair:3        Slime (0/5) Lair:6
    Orc (2/2) D:9             Elf (0/3) Orc:2       Ossuary (visited)
Gauntlet (1/1)

Altars:
Ashenzari
Cheibriados
Dithmenos
Elyvilon
Fedhas
Gozag
Hepliaklqana
Kikubaaqudgha
Makhleb
Nemelex Xobeh
Okawaru
Qazlal
Ru
Sif Muna
Trog
Uskayaw
Vehumet
Wu Jian
Xom
Yredelemnul
Zin
The Shining One
Beogh
Jiyva

Shops:
D:9 %:*   D:10 [   D:11 *   D:12 *   Orc:2 *(*%

Annotations:
Lair:2 exclusion: 2 oklob plants
Lair:6 2 transporters, Gaxx's ghost, journeyman DsGl Gauntlet 8 transporters, 5 runed translucent doors


Innate Abilities, Weirdness & Mutations

You do not eat.
You do not regenerate when monsters are visible.
You are frail without blood (-20% HP).
You can heal yourself when you bite living creatures.
You are immune to poison.
You have razor-sharp teeth.
You have supernaturally acute eyesight. (SInv)
You can survive without breathing.


Message History

Aiming: Disintegrate
Press: ? - help, Shift-Dir - straight line, f/p - minotaur
Aim: a minotaur, wielding a +0 bardiche of distortion, wearing a +0 chain mail, wearing a cursed ring of teleportation and quivering 13 javelins (almost dead, chance to defeat MR: 25%)
The minotaur resists with almost no effort.
The minotaur hits you with a +0 bardiche of distortion!!
* * * LOW HITPOINT WARNING * * *
The minotaur gores you!
* * * LOW HITPOINT WARNING * * *
Unknown command.
Casting: Agony (safe; 1% risk of failure)
Confirm with . or Enter, or press ? or * to list all spells.
You blink.
Found a wand of enslavement (6) and a leatherbound book.
Evoke which item? (* to show all) (? for menu, Esc to quit)
Aiming: Disintegrate
Press: ? - help, Shift-Dir - straight line, f/p - minotaur
Aim: a minotaur, wielding a +0 bardiche of distortion, wearing a +0 chain mail, wearing a cursed ring of teleportation and quivering 13 javelins (almost dead, chance to defeat MR: 25%)
The minotaur resists with almost no effort.
The minotaur hits you from afar with a +0 bardiche of distortion!
You die...

≈....§§§.......8.∩.8......§......
##≈#§#§#≈#≈#############≈#≈#≈#≈#≈
############.........###########
##...©.©.©...# #.............#
#.#.#######.#.# #.#....# ...#.#
#.#§##.#.##.#. #...H.@.......
#.#..##'##..#. #.#..# .8# #....#
..# ###8.# .8# #### ./# .8# .:#


You could see a minotaur.

Vanquished Creatures
  Snorg (D:9)
  7 hydras
  Erolcha (D:11)
  Harold (Orc:1)
  Fannar (Orc:1)
  Erica (D:8)
  3 two-headed ogres
  9 death yaks
  3 orc high priests
  Sonja (D:10)
  A sea snake (Lair:6)
  An unseen horror (D:11)
  5 orc knights
  An orb spider (shapeshifter) (D:10)
  An ugly thing (D:11)
  3 orc sorcerers (Orc:2)
  8 elephants
  Joseph (D:8)
  5 black mambas
  A torpor snail (Lair:5)
  3 gargoyles
  14 spiny frogs
  3 rime drakes
  5 komodo dragons
  4 trolls
  A polar bear (Lair:6)
  5 hornets
  The ghost of Richi the Shield-Bearer, an amateur HuFi of Okawaru (D:3)
  A wind drake (Lair:6)
  17 blink frogs
  A slime creature (D:11)
  9 hippogriffs
  3 dream sheep (Lair:5)
  38 yaks
  6 basilisks
  A vampire (D:12)
  6 wyverns
  A steam dragon (D:7)
  Menkaure (D:6)
  A hungry ghost (D:11)
  2 wargs
  4 swamp worms (Lair:4)
  10 porcupines
  35 water moccasins
  A hornet zombie (D:7)
  A large abomination (Gauntlet)
  4 ice beasts
  23 orc warriors
  3 sky beasts
  A black bear (D:8)
  A phantom (D:8)
  An eye of draining (D:11)
  7 ogres
  3 centaurs
  11 crocodiles
  A big kobold (D:7)
  18 bullfrogs
  3 elf zombies (Ossuary)
  A gnoll sergeant (D:7)
  A wyvern zombie (D:6)
  4 small abominations (Gauntlet)
  3 scorpions
  A wyvern skeleton (D:11)
  4 wights (D:9)
  9 killer bees
  11 howler monkeys
  3 centaur zombies
  3 crimson imps
  3 bullfrog zombies
  2 wyvern simulacra (Gauntlet)
  2 jellies
  6 hounds
  3 human zombies (Ossuary)
  15 orc priests
  A water moccasin simulacrum (Gauntlet)
  4 bullfrog skeletons
  5 iguanas
  22 orc wizards
  4 worker ants
  2 bullfrog simulacra (Gauntlet)
  3 hound zombies
  3 mummies (Ossuary)
  A worker ant zombie (D:5)
  A howler monkey zombie (D:9)
  23 adders
  8 gnolls
  5 shadow imps
  5 oozes
  An adder zombie (Ossuary)
  3 worms
  2 dart slugs
  4 leopard geckos
  74 orcs
  8 bats
  9 giant cockroaches
  4 gnoll zombies (Ossuary)
  8 goblins
  7 hobgoblins
  8 jackals
  5 quokkas
  4 ball pythons
  8 frilled lizards
  5 goblin zombies (Ossuary)
  2 hobgoblin zombies (Ossuary)
  A jackal skeleton (D:5)
  4 jackal zombies (Ossuary)
  12 kobolds
  2 kobold zombies (Ossuary)
  2 leopard gecko skeletons
  An orc zombie (Ossuary)
  4 quokka zombies (Ossuary)
  8 rats
  4 rat zombies (Ossuary)
  A fungus (Lair:3)
  A plant (Lair:2)
655 creatures vanquished.

Vanquished Creatures (collateral kills)
  A hydra (Lair:6)
  A merfolk avatar (Lair:6)
  A two-headed ogre (D:9)
  3 komodo dragons
  A rime drake (Lair:6)
  2 polar bears (Lair:6)
  A hippogriff (Lair:6)
  A vampire (D:12)
  A wyvern (Lair:6)
  A basilisk (Lair:3)
  A porcupine (D:9)
  An ogre (D:7)
  A crimson imp (D:7)
  An orc priest (Orc:2)
  A centaur skeleton (D:7)
  2 hound skeletons
  A howler monkey zombie (D:9)
  16 orcs
  3 kobolds (D:7)
40 creatures vanquished.

Vanquished Creatures (others)
  An orc wizard (Orc:2)
  A leopard gecko (D:10)
  38 fungi
  29 plants
69 creatures vanquished.

Grand Total: 764 creatures vanquished

Notes
Turn   | Place    | Note
-------+----------+-------------------------------------------
     0 | D:1      | DerDa the Vampire Necromancer began the quest for the Orb.
     0 | D:1      | Reached XP level 1. HP: 13/13 MP: 3/3
     1 | D:1      | Found a runed translucent door.
   308 | D:1      | Reached XP level 2. HP: 19/19 MP: 3/5
   977 | D:2      | Reached XP level 3. HP: 23/24 MP: 0/7
  1060 | D:2      | Reached skill level 5 in Necromancy
  1847 | D:1      | Reached XP level 4. HP: 22/30 MP: 3/8
  2255 | D:3      | Learned a level 3 spell: Vampiric Draining
  2260 | D:3      | Learned a level 4 spell: Animate Dead
  2266 | D:3      | Noticed a bullfrog
  2267 | D:3      | Found a transporter.
  2274 | D:3      | Noticed Richi's ghost (amateur HuFi)
  2277 | D:3      | Found a transporter.
  2438 | D:3      | Found a sacrificial altar of Ru.
  2545 | D:3      | Reached XP level 5. HP: 29/35 MP: 2/10
  3157 | D:4      | Reached skill level 6 in Necromancy
  3470 | D:4      | Noticed an ogre
  3480 | D:4      | Reached XP level 6. HP: 39/41 MP: 8/12
  3801 | D:4      | Learned a level 5 spell: Agony
  3984 | D:4      | Found a shattered altar of Ashenzari.
  3984 | D:4      | Found a sacrificial altar of Ru.
  4095 | D:5      | Entered Level 5 of the Dungeon
  4150 | D:5      | Reached skill level 7 in Necromancy
  4262 | D:5      | Noticed a sky beast
  4274 | D:5      | Reached skill level 1 in Shields
  4274 | D:5      | Reached skill level 5 in Spellcasting
  4274 | D:5      | Reached XP level 7. HP: 20/47 MP: 6/14
  4430 | D:5      | Found a sand-covered staircase.
  4439 | Ossuary  | Entered an ossuary
  4497 | Ossuary  | Reached skill level 1 in Fighting
  5348 | Ossuary  | Reached XP level 8. HP: 24/54 MP: 16/16
  5900 | D:5      | Noticed an angel
  5901 | D:5      | Found a glowing silver altar of Zin.
  5971 | D:6      | Reached skill level 8 in Necromancy
  6014 | D:6      | Noticed a troll
  6145 | D:6      | Found a staircase to the Ecumenical Temple.
  6146 | D:6      | Noticed Menkaure
  6298 | D:6      | Learned a level 2 spell: Blink
  6451 | D:6      | Killed Menkaure
  6653 | Temple   | Entered the Ecumenical Temple
  6808 | Temple   | Became a worshipper of Sif Muna the Loreminder
  6842 | D:6      | Killed a troll
  6842 | D:6      | Reached skill level 1 in Translocations
  6842 | D:6      | Reached XP level 9. HP: 44/62 MP: 5/18
  7112 | D:6      | Found a glowing golden altar of the Shining One.
  7551 | D:7      | Reached skill level 1 in Invocations
  7551 | D:7      | Reached skill level 1 in Evocations
  7639 | D:7      | Reached skill level 9 in Necromancy
  7945 | D:7      | Reached * piety under Sif Muna
  8913 | D:8      | Noticed Erica
  8927 | D:8      | Killed Erica
  8927 | D:8      | Reached skill level 5 in Dodging
  9089 | D:8      | Reached XP level 10. HP: 51/71 MP: 12/21
  9346 | D:8      | Noticed Joseph
  9416 | D:8      | Killed Joseph
  9624 | D:8      | Found a shimmering altar of Xom.
  9891 | D:8      | Noticed a two-headed ogre
  9907 | D:8      | Killed a two-headed ogre
  9907 | D:8      | Reached skill level 10 in Necromancy
 10331 | D:9      | Noticed a two-headed ogre
 10347 | D:9      | Killed a two-headed ogre
 10599 | D:9      | Found Cohug's General Store.
 10602 | D:9      | Bought a potion of mutation for 128 gold pieces
 10602 | D:9      | Bought a scroll of fog for 32 gold pieces
 10677 | D:9      | Reached ** piety under Sif Muna
 10879 | D:9      | Found Iffil's Food Shoppe.
 10880 | D:9      | Noticed a two-headed ogre
 10892 | D:9      | Killed a two-headed ogre
 11378 | D:9      | Found a staircase to the Lair.
 11402 | D:9      | Found Otsoro's Book Emporium.
 11586 | D:9      | Found a blossoming altar of Fedhas.
 11667 | D:9      | Reached XP level 11. HP: 62/78 MP: 12/23
 11716 | D:9      | Found a staircase to the Orcish Mines.
 12258 | D:10     | Entered Level 10 of the Dungeon
 12277 | D:10     | Reached *** piety under Sif Muna
 12289 | D:10     | HP: 2/78 [komodo dragon (17)]
 12681 | D:10     | Noticed an orb spider
 12697 | D:10     | Killed an orb spider
 12739 | D:10     | Paralysed by a hornet for 2 turns
 13156 | D:10     | Noticed a two-headed ogre
 13169 | D:10     | Killed a two-headed ogre
 13169 | D:10     | Reached skill level 5 in Fighting
 13169 | D:10     | Reached skill level 11 in Necromancy
 13545 | D:10     | Noticed Sonja
 13550 | D:10     | Killed Sonja
 13829 | D:10     | Found Oskin's Armour Shop.
 13836 | D:10     | Bought the cursed +0 pair of gloves "Raoquthro" {rF+ Dex+3}
                  | for 305 gold pieces
 13994 | D:11     | Noticed Erolcha
 14014 | D:11     | Killed Erolcha
 14294 | D:11     | Noticed an unseen horror
 14304 | D:11     | Killed an unseen horror
 14546 | D:11     | Found Kisabi's Assorted Antiques.
 14711 | D:11     | Bought a crude robe for 148 gold pieces
 14711 | D:11     | Bought a scroll labeled CEHYUWK VAWY for 26 gold pieces
 14711 | D:11     | Bought a scroll labeled BUCWARCH HACU for 26 gold pieces
 14724 | D:11     | Identified the cursed +0 robe of the Desert {rF+++ rC-
                  | Dex+4} (You bought it in a shop on level 11 of the Dungeon)
 14957 | D:11     | Noticed a red ugly thing
 14982 | D:11     | Killed a red ugly thing
 15173 | D:11     | Reached **** piety under Sif Muna
 15648 | Lair:1   | Entered Level 1 of the Lair of Beasts
 15750 | Lair:1   | Reached XP level 12. HP: 68/68 MP: 19/25
 15831 | Lair:1   | Noticed a five-headed hydra
 16158 | Lair:1   | Killed a one-headed hydra
 17773 | Lair:2   | Reached skill level 5 in Evocations
 17783 | Lair:2   | Reached skill level 12 in Necromancy
 17786 | Lair:2   | Reached skill level 5 in Invocations
 17972 | Lair:2   | Learned a level 3 spell: Mephitic Cloud
 18414 | Lair:2   | You fall into a shaft and drop 1 floor!
 18570 | Lair:3   | Noticed an eight-headed hydra
 18701 | Lair:2   | Reached skill level 10 in Spellcasting
 18983 | Lair:2   | Reached skill level 1 in Air Magic
 19143 | Lair:2   | Reached skill level 1 in Poison Magic
 19814 | Lair:3   | Reached skill level 5 in Translocations
 19971 | Lair:3   | Killed an eight-headed hydra
 20257 | Lair:3   | Noticed a four-headed hydra
 20270 | Lair:3   | Killed a four-headed hydra
 21257 | Lair:3   | Reached XP level 13. HP: 75/75 MP: 19/27
 21375 | Lair:3   | Found a staircase to the Snake Pit.
 22212 | Lair:4   | HP: 2/75 [swamp worm (11)]
 23857 | Lair:4   | Reached skill level 13 in Necromancy
 25584 | Lair:3   | Learned a level 2 spell: Slow
 25904 | Lair:4   | Found a staircase to the Swamp.
 26022 | Lair:4   | Reached skill level 1 in Hexes
 27096 | Lair:5   | Reached skill level 1 in Conjurations
 27317 | Lair:5   | Reached ***** piety under Sif Muna
 27622 | Lair:5   | Identified Sif Muna's Guide on Summoning and Flight (Sif
                  | Muna gifted it to you on level 5 of the Lair of Beasts)
 27622 | Lair:5   | Received a gift from Sif Muna
 28110 | Lair:6   | Entered Level 6 of the Lair of Beasts
 28222 | Lair:6   | Reached XP level 14. HP: 82/82 MP: 15/29
 28483 | Lair:6   | Identified a scroll of acquirement
 28589 | Lair:5   | Acquired the -7 buckler "Ingauczu" {*Contam rElec rC+++
                  | Int+2}
 29586 | Lair:6   | Found a staircase to the Slime Pits.
 29587 | Lair:6   | Found a viscous altar of Jiyva.
 29852 | Lair:6   | Found a transporter.
 30210 | Lair:6   | Found a transporter.
 30411 | Lair:6   | Identified the cursed +2 war axe of the Crawling Thing
                  | {flame, +Rage Int+7 SInv}
 30413 | Lair:6   | Noticed Gaxx's ghost (journeyman DsGl)
 30416 | Lair:6   | Identified the +5 demon trident "Beastslayer" {flame, rC+
                  | rN+ Int+3}
 30418 | Lair:6   | Found a bloodstained altar of Trog.
 31250 | D:3      | Killed Richi's ghost
 31385 | Orc:1    | Entered Level 1 of the Orcish Mines
 31385 | Orc:1    | Noticed Snorg
 31387 | Orc:1    | Found a roughly hewn altar of Beogh.
 31412 | D:9      | Killed Snorg
 31832 | Orc:1    | Noticed Harold
 32246 | D:9      | Received a gift from Sif Muna
 32369 | Orc:1    | Killed Harold
 32868 | Orc:1    | Noticed Fannar
 32884 | Orc:1    | Killed Fannar
 32884 | Orc:1    | Reached skill level 14 in Necromancy
 33184 | Orc:2    | Entered Level 2 of the Orcish Mines
 33184 | Orc:2    | Found a flickering gateway to a bazaar.
 33192 | Bazaar   | Entered a bazaar
 33195 | Bazaar   | Found Zoofoejo's Book Shop.
 33197 | Bazaar   | Found Luiv Pix's Jewellery Shop.
 33222 | Bazaar   | Found Fywov's Gadget Boutique.
 33229 | Bazaar   | Found Mitoel's Armour Shoppe.
 33240 | Bazaar   | Found Janed's Book Boutique.
 33272 | Bazaar   | Bought a book of Hexes for 350 gold pieces
 33291 | Bazaar   | Bought a +1 pair of boots of running for 401 gold pieces
 33407 | Orc:2    | Learned a level 4 spell: Cause Fear
 33632 | Orc:2    | Found a roughly hewn altar of Beogh.
 33986 | Orc:2    | Found a staircase to the Elven Halls.
 34663 | Orc:2    | Reached skill level 5 in Hexes
 35284 | Orc:2    | Found Gythet's Assorted Antiques.
 35284 | Orc:2    | Found Izomm's Food Boutique.
 35286 | Orc:2    | Found Sastriusi's Weapon Boutique.
 35286 | Orc:2    | Found Akeuphan's General Store.
 35532 | D:12     | Found Coten's Blood Bar.
 35675 | D:12     | Found a gate leading to a gauntlet.
 35710 | Gauntlet | Entered a Gauntlet
 35710 | Gauntlet | Found a transporter.
 35710 | Gauntlet | Found a transporter.
 35740 | Gauntlet | Found a transporter.
 35741 | Gauntlet | Found a runed translucent gate.
 35741 | Gauntlet | Found a runed translucent gate.
 35741 | Gauntlet | Found a runed translucent gate.
 35752 | Gauntlet | Found a transporter.
 35770 | Gauntlet | Found a transporter.
 35770 | Gauntlet | Found a transporter.
 35772 | Gauntlet | Found a transporter.
 35772 | Gauntlet | Found a transporter.
 35774 | Gauntlet | Found a transporter.
 35776 | Gauntlet | Found a runed translucent door.
 35776 | Gauntlet | Found a runed translucent door.
 35783 | Gauntlet | Found a transporter.
 35792 | Gauntlet | Found the ring of Shadows {Umbra +Inv Stlth+}
 35799 | Gauntlet | Found a transporter.
 35809 | Gauntlet | Found a transporter.
 35814 | Gauntlet | Found a transporter.
 35847 | Gauntlet | Found a transporter.
 36122 | Gauntlet | Got a twisted hat
 36132 | Gauntlet | Identified the +5 hat of Contentment {+Fly} (You found it
                  | in a Gauntlet)
 36153 | Gauntlet | Mangled by a minotaur

Illustrated notes

Levels and vault maps discovered:
D:1:      dpeg_arrival_caged_fury, layout_basic
D:2:      layout_loops_ring, minmay_unequal
D:3:      layout_basic, first_ration, gammafunk_ghost_arena,
          hangedman_ru_absence
D:4:      layout_loops_ring, gammafunk_temple_overflow_statue
D:5:      layout_cave_pools, zin_angel, enter_ossuary_1, minmay_statues_item,
          eino_tiny_chamber
D:6:      layout_loops_ring, tso_altar, minmay_temple_entry_large_hall,
          uniq_menkaure
D:7:      layout_rooms
D:8:      layout_cave_pods, tgw_xom, uniq_joseph, uniq_erica
D:9:      layout_irregular_city, grunt_lair_entry_orc_guard_hut,
          hiddenorc2_lemuel, serial_shops, shop, kennysheep_mini_moat,
          nicolae_shop_trees, grunt_ogre_cave, fedhas_altar_2
D:10:     layout_loops_ring, serial_shops, nicolae_shop_trees,
          grunt_decor_one_mirror, kennysheep_generic_room_13, uniq_sonja
D:11:     layout_cave_pods, serial_shops, shop_statue, uniq_erolcha
D:12:     layout_cave_pools, gammafunk_ghost_cemetery, gauntlet_entry_generic,
          guppyfry_shop_blood
Temple:   regret_index_temple_mists
Lair:1:   layout_cave_pods, serial_bayou_shore_a, grunt_megastairs_1
Lair:2:   lemuel_reptile_caves, layout_cave_pods, minmay_lair_oklob_chamber
Lair:3:   layout_chaotic_city, minmay_snake_entry_six_corridors
Lair:4:   layout_gridlike, palyth_hydra_swamp_entry
Lair:5:   layout_regular_city
Lair:6:   gammafunk_lair_ancient_temple, layout_big_grid, slime_altar_1,
          gammafunk_ghost_wrathful_warriors, serial_bayou_pond_b
Orc:1:    layout_caves, basic_altar, lightli_orcish_oven, uniq_fannar,
          uniq_snorg, uniq_harold
Orc:2:    grunt_orc_tribal_feast, layout_caves, basic_altar, serial_shops,
          bzr_in_the_mist
Gauntlet: gammafunk_gauntlet_mixed_choke_point [minmay_gauntlet_arena_77_mess,
          minmay_gauntlet_arena_77_checkered,
          minmay_gauntlet_arena_77_run_for_it, gammafunk_gauntlet_arena_split_x,
          minmay_gauntlet_arena_77_two_lines,
          minmay_gauntlet_arena_77_tiled_triplets,
          minmay_gauntlet_arena_77_shame_cube,
          nicolae_gauntlet_exit_dead_adventurers]

Skill      XL: |  1  2  3  4  5  6  7  8  9 10 11 12 13 14 |
---------------+-------------------------------------------+-----
Necromancy     | 5 6 7 8 9 10 11 12 13 14 | 14.2
Spellcasting   | 3 4 5 6 7 8 9 10 11 | 11.9
Shields        | 1 2 4 |  4.0
Fighting       | 1 2 3 4 5 6 7 |  7.7
Dodging        | 3 4 5 6 7 8 9 |  9.6
Translocations | 1 2 3 4 5 |  5.0
Invocations    | 2 3 4 5 6 7 |  7.2
Evocations     | 2 3 4 5 6 7 |  7.3
Air Magic      | 2 4 |  4.0
Poison Magic   | 2 3 4 |  4.0
Hexes          | 2 5 |  5.3
Conjurations   | 1 2 |  2.7
Stealth        | |  3.0

Action                   |  1- 3 |  4- 6 |  7- 9 | 10-12 | 13-15 || total
-------------------------+-------+-------+-------+-------+-------++-------
Melee: Short sword       |    25 |    30 |       |       |       ||    55
       Bite              |     1 |     3 |    68 |    51 |    97 ||   220
       Dagger            |       |    26 |   686 |       |       ||   712
       Scimitar          |       |       |       |   295 |   552 ||   847
Throw: Stone             |     1 |     1 |    11 |     2 |       ||    15
       Dart              |       |       |       |     8 |    36 ||    44
 Cast: Pain              |    71 |   128 |   181 |   607 |   272 ||  1259
       Animate Dead      |       |     2 |     4 |    15 |    15 ||    36
       Vampiric Draining |       |     1 |     9 |    49 |    94 ||   153
       Blink             |       |       |       |     3 |    14 ||    17
       Agony             |       |       |       |    75 |   199 ||   274
       Mephitic Cloud    |       |       |       |     6 |    69 ||    75
       Slow              |       |       |       |       |    59 ||    59
Invok: Channel Magic     |       |       |       |     7 |     5 ||    12
 Abil: Exsanguinate      |       |       |       |     1 |       ||     1
Evoke: Wand              |       |       |       |     4 |     5 ||     9
       Lightning rod     |       |       |       |       |     4 ||     4
  Use: Potion            |       |       |     6 |       |     1 ||     7
       Scroll            |       |       |       |    13 |     9 ||    22
 Stab: Sleeping          |       |       |     3 |     1 |     1 ||     5
       Distracted        |       |       |     1 |       |     3 ||     4
       Confused          |       |       |       |     4 |    46 ||    50
Armor: Robe              |     4 |    27 |    95 |    78 |   236 ||   440
       Steam dragon scal |       |       |    29 |    81 |       ||   110
       Skin              |       |       |       |     9 |       ||     9
Dodge: Dodged            |    23 |    51 |   233 |   444 |   970 ||  1721
Block: Other             |       |     8 |    70 |       |       ||    78
       Reflection        |       |     1 |     3 |    24 |       ||    28
       Buckler           |       |       |   103 |   467 |   130 ||   700
       Rpst.: Scimitar   |       |       |     1 |   127 |   256 ||   384
